 Dungeon Crawl Stone Soup version 0.15.2 (console) character file.

107 CALLOUS the Sneak (level 4, -6/26 HPs)
             Began as a Tengu Assassin on Dec 28, 2019.
             Mangled by a gnoll
             ... wielding a +0 spear
              (10 damage)
             ... on Level 2 of the Dungeon.
             The game lasted 00:30:14 (2255 turns).

CALLOUS the Sneak (Tengu Assassin)                  Turns: 2255, Time: 00:30:14

HP  -6/26        AC  3     Str 11      XL: 4   Next: 85%
MP   5/5         EV 13     Int 13      God:
Gold 101         SH  0     Dex 15      Spells:  0 memorised,  3 levels left

rFire  . . .     SeeInvis .     b - +0 blowgun
rCold  . . .     Clarity  .     c - +0 robe
rNeg   . . .     rCorr    .     (no shield)
rPois  .         rRot     .     (helmet restricted)
rElec  .         Spirit   .     d - +0 cloak
SustAb .         Warding  .     (no gloves)
rMut   .         Stasis   .     (boots unavailable)
Gourm  .                        (no amulet)
MR     .....                    (no ring)
                                (no ring)

@: not resistant to hostile enchantments, fairly stealthy
A: beak, talons 3
a: no special abilities


You were on level 2 of the Dungeon.
You were not hungry.

You visited 1 branch of the dungeon, and saw 2 of its levels.

You collected 101 gold pieces.

Inventory:

Hand weapons
 a - a +2 dagger
 b - a +0 blowgun (weapon)
 p - a cursed -1 mace
 E - a +2 war axe of freezing
 I - a +0 spear
Missiles
 e - 8 poisoned needles
 f - a curare-tipped needle (quivered)
 j - 48 arrows
 q - 9 stones
 D - 3 tomahawks
Armour
 c - a +0 robe (worn)
 d - a +0 cloak (worn)
Magical devices
 B - a wand of slowing (11)
Comestibles
 g - 2 bread rations
 k - 2 slices of pizza
 u - 7 fruits
 G - 3 chunks of orc flesh
 H - a chunk of adder flesh
 J - 2 chunks of gnoll flesh
Scrolls
 h - a scroll of fear {unknown}
 l - 3 scrolls of identify {unknown}
 m - a scroll of enchant armour {unknown}
 n - a scroll of immolation {unknown}
 o - a scroll of remove curse {unknown}
 r - a scroll of recharging {unknown}
 t - a scroll of amnesia {unknown}
 w - a scroll of fog {unknown}
 y - 2 scrolls of teleportation {unknown}
 z - a scroll of blinking {unknown}
 A - a scroll of random uselessness {unknown}
Jewellery
 C - a +4 ring of evasion {unknown}
Potions
 s - a potion of brilliance {unknown}


   Skills:
 + Level 2.2 Fighting
 - Level 2.1 Short Blades
 - Level 2.1 Throwing
 * Level 2.1 Armour
 * Level 2.5 Dodging
 + Level 5.0 Stealth
 * Level 0.4 Evocations


You had 3 spell levels left.
You didn't know any spells.

Dungeon Overview and Level Annotations

Branches:
Dungeon (2/15)

Altars:
Cheibriados


Innate Abilities, Weirdness & Mutations

You have a beak for a mouth.
You have claws for feet.


Message History

Quiver which item? (- for none, * to show all) (? for menu, Esc to quit)
Quivering
f - 2 curare-tipped needles for blowguns.
Firing (i - inventory. (,) - cycle):
f - 2 curare-tipped needles (quivered)
Press: ? - help, Shift-Dir - straight line, f/p - gnoll
Aim: a gnoll, wielding a spear (fast)
You shoot a curare-tipped needle.
The curare-tipped needle hits the gnoll.
The gnoll is poisoned.
The gnoll convulses.
The gnoll seems to slow down.
The gnoll is moderately wounded.
Press: ? - help, v - describe, . - travel
Here: a gnoll, wielding a spear (moderately wounded, fast+slow, poisoned, catching its breath)
The floor.
Unknown command.
The gnoll barely misses you.
Press: ? - help, v - describe, . - travel, g - get item
Here: a gnoll, wielding a spear (moderately wounded, fast+slow, poisoned, catching its breath)
A leather armour.
The floor, spattered with blood.
The gnoll hits you from afar with a spear!
You die...

###'####.# ########
#....##.# #####....##.#
#........##.#
#.##.#......# . ###
#.##.#####..###.# #..
#.##.#...#....#.# #.#
#.##.#[#.##.#.#.# #.#
#.##.#g#.g..#.#'######.#
#.##.#.####(#.......##.#
#.##.#.@.....(......##.#
#.##.#######>(..........
#.##.#........).g....#.#
#.##.#.#####.#.((......+
#.##.#.# #.#.(.......#
#.##.#.#####.#.(g......#
#..........#.#.......#.#
####.#.....#.#######.#..
#.#######.# #.#..
#.####.........## #.#..
#...............# #.#.#


You could see a gnoll.

Vanquished Creatures
  3 gnolls (D:2)
  An adder (D:2)
  An inept item mimic (D:2)
  A worm (D:2)
  An orc (D:2)
  7 bats
  2 giant cockroaches (D:1)
  9 goblins
  8 hobgoblins
  2 jackals (D:1)
  9 kobolds
  2 giant geckos
  3 giant newts (D:1)
  6 rats (D:1)
55 creatures vanquished.

Notes
Turn   | Place    | Note
--------------------------------------------------------------
     0 | D:1      | CALLOUS, the Tengu Assassin, began the quest for the Orb.
     0 | D:1      | Reached XP level 1. HP: 12/12 MP: 1/1
   139 | D:1      | Reached skill level 1 in Armour
   147 | D:1      | Reached XP level 2. HP: 17/17 MP: 3/3
   604 | D:1      | Reached XP level 3. HP: 18/21 MP: 4/4
  1527 | D:2      | Reached XP level 4. HP: 22/26 MP: 5/5
  1845 | D:2      | Found a snail-covered altar of Cheibriados.
  1860 | D:2      | Reached skill level 5 in Stealth
  2255 | D:2      | Mangled by a gnoll

Action                   |  1- 3 |  4- 6 || total
-------------------------+-------+-------++-------
Melee: Dagger            |    80 |    31 ||   111
 Fire: Blowgun           |     1 |     1 ||     2
Throw: Stone             |    14 |    25 ||    39
       Tomahawk          |       |     1 ||     1
 Stab: Sleeping          |     9 |     1 ||    10
  Eat: Chunk             |     2 |     2 ||     4
